 Dungeon Crawl Stone Soup version 0.22-a0-800-g058c00f (webtiles) character file.

266 rgaf the Cudgeler (level 6, -12/47 HPs)
             Began as a Demonspawn Chaos Knight on July 22, 2018.
             Mangled by an orc
             ... wielding a +0 morningstar
              (13 damage)
             ... on level 3 of the Dungeon.
             The game lasted 00:02:44 (2127 turns).

rgaf the Cudgeler (Demonspawn Chaos Knight)         Turns: 2127, Time: 00:02:45

Health: -12/47     AC:  9    Str: 14    XL:     6   Next: 0%
Magic:  6/6        EV:  6    Int: 14    God:    Xom [..*...]
Gold:   125        SH:  4    Dex: 12    Spells: 5/5 levels left

rFire    . . .     SeeInvis .   a - +0 mace (chaos)
rCold    . . .     Gourm    .   (no shield)
rNeg     . . .     Faith    .   r - +0 chain mail
rPois    .         Spirit   .   (helmet restricted)
rElec    .         Reflect  .   d - scarf {repulsion}
rCorr    .         Harm     .   (no gloves)
MR       .....                  h - +0 pair of boots
Stlth    ..........             (no amulet)
HPRegen  0.15/turn              (no ring)
MPRegen  0.10/turn              (no ring)

@: repel missiles
A: antennae 1, large bone plates 1, demonic guardian 1, rot immunity
a: Renounce Religion


You were on level 3 of the Dungeon.
You worshipped Xom.
You were a toy of Xom.
You were not hungry.

You visited 1 branch of the dungeon, and saw 3 of its levels.

You collected 125 gold pieces.

Inventory:

Hand Weapons
 a - a +0 mace of chaos (weapon)
Armour
 b - a +2 leather armour
 d - a scarf of repulsion (worn)
 g - a +0 plate armour
 h - a +0 pair of boots (worn)
 r - a +0 chain mail (worn)
Scrolls
 e - 5 scrolls of identify {unknown}
 f - a scroll of teleportation {unknown}
 i - a scroll of fog {unknown}
 k - a scroll of enchant weapon {unknown}
 m - a scroll of magic mapping {unknown}
 p - a scroll of immolation
 q - a scroll of fear {unknown}
Potions
 n - a potion of agility
Comestibles
 c - a ration
 o - a chunk of flesh


   Skills:
 - Level 3.0 Fighting
 + Level 6.1 Maces & Flails
 - Level 1.7 Armour
 - Level 0.8 Dodging


You had 5 spell levels left.
You didn't know any spells.
Your spell library was empty.

Dungeon Overview and Level Annotations

Branches:
Dungeon (3/15)

Altars:
Ashenzari
Ru


Innate Abilities, Weirdness & Mutations

You have a pair of small antennae on your head.
You are partially covered in large bone plates. (SH +4)
A weak demonic guardian rushes to your aid.
You are immune to rotting.


Message History

The orc closely misses you. The orc hits you with a morningstar!
* * * LOW HITPOINT WARNING * * *
You closely miss the orc.
The orc is severely wounded.
The orc hits you with a morningstar.
* * * LOW HITPOINT WARNING * * *
Okay, then.
Okay, then.
You aren't carrying any items that you can evoke.
Unknown command.
Okay, then.
You hit the orc but do no damage.
The orc goes berserk!
The orc is severely wounded.
The orc barely misses you.
Some of the chunks of flesh in your inventory have rotted away.
Your chain mail prevents you from hitting the orc.
The orc is severely wounded.
The orc barely misses you. The orc hits you with a morningstar!
You die...
Xom giggles madly!

#. #. #. ######## #. ###
#......### #.
#.#####.........
#.##.......#.#####.
##..##................#.
.......@.......)...(....
.#....o.................
......#.....)...........
.#..#.#..########..###..
#. ...... ...###..###..
..
...............(..รท.. .
## .###......#########
..... .. ... ...


You could see an orc (berserk).

Vanquished Creatures
  Natasha (twice) (D:2)
  2 adders (D:2)
  2 dart slugs (D:2)
  2 leopard geckos (D:1)
  5 bats
  5 giant cockroaches
  4 goblins
  10 hobgoblins
  2 quokkas
  A ball python (D:1)
  A frilled lizard (D:1)
  6 kobolds
  3 rats
45 creatures vanquished.

Vanquished Creatures (collateral kills)
  Grinder (D:3)
  A goblin (D:1)
  A rat (D:1)
3 creatures vanquished.

Grand Total: 48 creatures vanquished

Notes
Turn   | Place    | Note
-------+----------+-------------------------------------------
     0 | D:1      | rgaf the Demonspawn Chaos Knight began the quest for the Orb.
     0 | D:1      | Reached XP level 1. HP: 18/18 MP: 1/1
    44 | D:1      | Reached skill level 3 in Maces & Flails
   111 | D:1      | XOM: divination: detect creatures
   211 | D:1      | Gained mutation: A weak demonic guardian rushes to your aid. [demonic ancestry]
   211 | D:1      | Reached XP level 2. HP: 24/24 MP: 2/2
   366 | D:1      | XOM: smoke on damage
   882 | D:1      | XOM: cloud trail
   898 | D:2      | Gained mutation: You have a pair of small antennae on your head. [demonic ancestry]
   898 | D:2      | Reached XP level 3. HP: 25/29 MP: 3/3
   919 | D:2      | Reached skill level 4 in Maces & Flails
  1065 | D:2      | XOM: god gift: 2 scrolls labeled NIECIRGH VEMIA {god gift}
  1095 | D:2      | Noticed Natasha
  1102 | D:2      | Killed Natasha
  1102 | D:2      | Gained mutation: You are partially covered in large bone plates. (SH +4) [demonic ancestry]
  1102 | D:2      | Reached XP level 4. HP: 21/35 MP: 4/4
  1232 | D:2      | Found a faded altar of an unknown god.
  1243 | D:2      | Found a sacrificial altar of Ru.
  1390 | D:2      | Found a shattered altar of Ashenzari.
  1492 | D:2      | XOM: divination: detect items
  1504 | D:2      | XOM: confuse monster(s)
  1886 | D:2      | Noticed Natasha
  1893 | D:2      | Killed Natasha
  1915 | D:3      | Noticed Grinder
  1927 | D:3      | XOM: potion effect (agility)
  1933 | D:3      | Killed Grinder
  1933 | D:3      | Reached skill level 6 in Maces & Flails
  1933 | D:3      | Reached XP level 5. HP: 24/41 MP: 5/5
  1996 | D:3      | Gained mutation: You are immune to rotting. [demonic ancestry]
  1996 | D:3      | Reached XP level 6. HP: 35/47 MP: 6/6
  2125 | D:3      | HP: 1/47 [orc/morningstar (5)]
  2127 | D:3      | Mangled by an orc

Vault maps used:
D:1:      dpeg_arrival_radiant
D:2:      marbit_many_paths, chequers_ecumenical_altar_island,
          nicolae_ru_awakened_eye, uniq_natasha
D:3:      grunt_temple_overflow_gold_and_silver, uniq_grinder

Skill      XL: |  1  2  3  4 |
---------------+-------------+-----
Maces & Flails | 3 4 6 |  6.1
Fighting       | |  3.0
Armour         | |  1.7
Dodging        | |  0.8

Action                   |  1- 3 |  4- 6 || total
-------------------------+-------+-------++-------
Melee: Mace              |   106 |    73 ||   179
  Use: Scroll            |     1 |       ||     1
       Potion            |       |     4 ||     4
 Stab: Confused          |     1 |       ||     1
       Sleeping          |     1 |     1 ||     2
       Paralysed         |       |     3 ||     3
  Eat: Chunk             |     1 |     3 ||     4
Armor: Leather armour    |    47 |    26 ||    73
       Chain mail        |       |     6 ||     6
Dodge: Dodged            |    65 |    50 ||   115
       Deflected         |     1 |       ||     1
Block: Other             |       |    10 ||    10

Table legend:
 A = Spawn XP
 B = Non-spawn XP
 C = Spawn XP percentage of total XP
 D = Spawn monster count
 E = Non-spawn monster count
 F = Spawn count percentage of total count
 G = Total turns spent on level
                    A         B        C        D         E        F      G
               +---------+---------+-------+---------+---------+-------+---------
         Total |       0 |     380 |   0.0 |       0 |      48 |   0.0 |  2127
               +---------+---------+-------+---------+---------+-------+---------
           D:1 |       0 |      39 |   0.0 |       0 |      23 |   0.0 |   892
           D:2 |       0 |     112 |   0.0 |       0 |      20 |   0.0 |  1011
           D:3 |       0 |     229 |   0.0 |       0 |       5 |   0.0 |   224
               +---------+---------+-------+---------+---------+-------+---------
